 Dungeon Sprint DCSS version 0.27.1-33-g824d729ab1 (webtiles) character file.

Game seed: 10841360810760464928

1213 Hipnos the Unseen (level 8, -3/58 HPs)
             Began as a Spriggan Berserker on Nov 26, 2021.
             Was a Priest of Trog.
             Slain by a deep troll (17 damage)
             ... in the Dungeon (Sprint I: "Red Sonja").
             The game lasted 00:03:17 (586 turns).

Hipnos the Unseen (Spriggan Berserker)               Turns: 586, Time: 00:03:19

Health: -3/58      AC:  2    Str: 13    XL:     8   Next: 22%
Magic:  9/9        EV: 18    Int:  8    God:    Trog [***...]
Gold:   571        SH:  0    Dex: 17    Spells: 7/7 levels left

rFire    . . .     SeeInvis +   l - +1 short sword (distort)
rCold    . . .     Faith    .   (shield restricted)
rNeg     . . .     Spirit   .   b - +0 animal skin
rPois    +         Reflect  .   (helmet restricted)
rElec    .         Harm     .   (no cloak)
rCorr    .         Rampage  .   (gloves unavailable)
Will     +....     NoTele   +   (boots unavailable)
Stlth    ..........             (no amulet)
HPRegen  0.19/turn              m - ring of poison resistance
MPRegen  0.11/turn              (no ring)

@: berserking, very quick
A: very small, no large weapons, unfitting armour, see invisible, speed 3
a: Renounce Religion, Berserk, Trog's Hand


You were in the Dungeon.
You worshipped Trog.
Trog was most pleased with you.
You visited 1 branch You collected 736 gold pieces.
You spent 165 gold pieces at shops.

Inventory:

Hand Weapons
 a - a +0 short sword
 j - a +0 dagger
 l - a +1 short sword of distortion (weapon)
Missiles
 d - 2 curare-tipped darts (quivered)
Armour
 b - a +0 animal skin (worn)
Jewellery
 m - a ring of poison resistance (left hand)
Wands
 i - a wand of digging (6)
Scrolls
 h - a scroll of blinking
Potions
 c - 3 potions of curing
 e - a potion of haste
 f - 2 potions of magic
 g - a potion of berserk rage
 k - a potion of mutation {unknown}
 n - 3 potions of heal wounds


   Skills:
 - Level 2.4 Fighting
 - Level 7.0 Short Blades
 * Level 12.2 Throwing
 + Level 4.0 Dodging
 * Level 17.0 Stealth


You had 7 spell levels left.
You didn't know any spells.
Your spell library was empty.

Dungeon Overview and Level Annotations

Branches:
Dungeon (1/1)

Altars:
Cheibriados
Dithmenos
Elyvilon
Fedhas
Gozag
Hepliaklqana
Kikubaaqudgha
Makhleb
Nemelex Xobeh
Okawaru
Qazlal
Ru
Sif Muna
Trog
Uskayaw
Vehumet
Wu Jian
Xom
Yredelemnul
Zin
The Shining One
Jiyva
Lugonu

Shops:
D !:


Innate Abilities, Weirdness & Mutations

You are very small and have problems with some larger weapons.
You are too small for most types of armour.
You have supernaturally acute eyesight. (SInv)
You cover ground extremely quickly. (Speed+++)


Message History

You now have 682 gold pieces (gained 27).
You now have 709 gold pieces (gained 27).
You now have 736 gold pieces (gained 27).
There is an open door here.
m - a ring of poison resistance (left hand)
You start resting.
HP restored.
You open the door.
There is an open door here.
Found Ruho's Distillery.
There is an entrance to Ruho's Distillery here.
n - a potion of heal wounds;
n - 2 potions of heal wounds (gained 1)
n - 3 potions of heal wounds (gained 1) Thank you for shopping at Ruho's Distillery!
There is an open door here.
You open the door.
A deep troll comes into view.
Found 108 gold pieces.
There is an open door here.
The deep troll shouts!
You see here 27 gold pieces.
You hit the deep troll.
Space warps horribly around the deep troll!
The deep troll is lightly wounded.
The deep troll barely misses you. The deep troll misses you.
The deep troll completely misses you.
A red film seems to cover your vision as you go berserk!
You feel yourself moving faster!
You feel mighty! The deep troll bites you!!
The deep troll claws you but does no damage.
The deep troll barely misses you.
You hit the deep troll.
Space warps horribly around the deep troll!
The deep troll is heavily wounded.
You puncture the deep troll!
Space warps horribly around the deep troll.
The deep troll is severely wounded.
The deep troll bites you! The deep troll claws you!
* * * LOW HITPOINT WARNING * * *
The deep troll claws you!
You die...

#..#####'#####'#__####
#..####..#...#(####
#..#__####..##.#
#..#_____##'#_.+
#⌠⌠#_.∩...'..._#
####_..__##_.#'#
#_____###'#.#
############÷####+###
#∩........'...'@T.$$+
###++++####...#######
###.### #.#'#.#
#.....# #.[...#
#######


You could see a deep troll.

Vanquished Creatures
  Sonja (D)
  A slime creature (D)
  Sigmund (D)
  A yak (D)
  An ogre (D)
  A jelly (D)
  Ijyb (D)
  A ballistomycete spore (D)
8 creatures vanquished.

Vanquished Creatures (others)
  A ballistomycete spore (D)
1 creature vanquished.

Grand Total: 9 creatures vanquished

Notes
Turn   | Place    | Note
-------+----------+-------------------------------------------
     0 | D        | Hipnos the Spriggan Berserker began the quest for the Orb.
     0 | D        | Reached XP level 1. HP: 11/11 MP: 2/2
     1 | D        | Noticed Ijyb
     9 | D        | Killed Ijyb
    10 | D        | Reached skill level 5 in Short Blades
    10 | D        | Reached skill level 4 in Stealth
    10 | D        | Reached XP level 2. HP: 13/16 MP: 3/3
   148 | D        | Noticed an ogre
   151 | D        | Killed an ogre
   152 | D        | Reached skill level 7 in Stealth
   152 | D        | Reached XP level 3. HP: 19/19 MP: 4/4
   152 | D        | Reached XP level 4. HP: 23/23 MP: 5/5
   162 | D        | Noticed Sigmund
   173 | D        | Killed Sigmund
   173 | D        | Reached ** piety under Trog
   174 | D        | Reached skill level 11 in Stealth
   174 | D        | Reached XP level 5. HP: 27/27 MP: 6/6
   174 | D        | Reached XP level 6. HP: 32/32 MP: 7/7
   221 | D        | Found an ornate altar of the Wu Jian Council.
   221 | D        | Found a shimmering blue altar of Sif Muna.
   223 | D        | Found a radiant altar of Vehumet.
   228 | D        | Reached skill level 12 in Stealth
   229 | D        | Found Hopry's Book Emporium.
   229 | D        | Found an ancient bone altar of Kikubaaqudgha.
   229 | D        | Found a hazy altar of Hepliaklqana.
   229 | D        | Found a stormy altar of Qazlal.
   229 | D        | Found a hide-covered altar of Uskayaw.
   229 | D        | Found a blossoming altar of Fedhas.
   229 | D        | Found a bloodstained altar of Trog.
   229 | D        | Found an iron altar of Okawaru.
   229 | D        | Found a basalt altar of Yredelemnul.
   229 | D        | Found a glowing golden altar of the Shining One.
   229 | D        | Found a snail-covered altar of Cheibriados.
   229 | D        | Found a sacrificial altar of Ru.
   229 | D        | Found a glowing silver altar of Zin.
   229 | D        | Found a shadowy altar of Dithmenos.
   229 | D        | Found a white marble altar of Elyvilon.
   229 | D        | Noticed a yak
   230 | D        | Found an opulent altar of Gozag.
   231 | D        | Killed a yak
   232 | D        | Reached skill level 13 in Stealth
   232 | D        | Found a sparkling altar of Nemelex Xobeh.
   274 | D        | Found a burning altar of Makhleb.
   274 | D        | Found a viscous altar of Jiyva.
   274 | D        | Found a shimmering altar of Xom.
   274 | D        | Found a corrupted altar of Lugonu.
   274 | D        | Noticed a slime creature
   277 | D        | Killed a slime creature
   277 | D        | Reached *** piety under Trog
   278 | D        | Reached skill level 10 in Throwing
   278 | D        | Reached skill level 14 in Stealth
   278 | D        | Reached XP level 7. HP: 35/35 MP: 8/8
   301 | D        | Noticed Sonja
   320 | D        | Killed Sonja
   321 | D        | Reached skill level 17 in Stealth
   321 | D        | Reached XP level 8. HP: 39/39 MP: 9/9
   560 | D        | Found Ruho's Distillery.
   568 | D        | Bought a potion of heal wounds for 55 gold pieces
   568 | D        | Bought a potion of heal wounds for 55 gold pieces
   568 | D        | Bought a potion of heal wounds for 55 gold pieces
   580 | D        | Noticed a deep troll
   586 | D        | Slain by a deep troll

Illustrated notes

Levels and vault maps discovered:
D:        dungeon_sprint_1 [red_sonja_temple_1, red_sonja_temple_small_1]

Skill      XL: |  1  2  3  4  5  6  7 |
---------------+----------------------+-----
Short Blades   | 5 7 |  7.0
Throwing       | 2 4 7 10 12 | 12.2
Stealth        | 4 7 11 14 17 | 17.0
Fighting       | |  2.4
Dodging        | |  4.0

Action                   |  1- 3 |  4- 6 |  7- 9 || total
-------------------------+-------+-------+-------++-------
Melee: Short sword       |     5 |       |     4 ||     9
       Dagger            |     1 |    12 |    12 ||    25
Invok: Berserk           |     1 |     1 |     2 ||     4
       Trog's Hand       |       |       |     1 ||     1
  Use: Potion            |       |       |     1 ||     1
 Stab: Sleeping          |     1 |     3 |     1 ||     5
Armor: Animal skin       |       |       |     1 ||     1
Dodge: Dodged            |     2 |     4 |    21 ||    27
